[Event "Team 45 45 League T49"]
[Site "Internet Chess Club"]
[Date "2011.05.22"]
[Round "2"]
[White "gaibo4ever"]
[Black "nb"]
[Result "1-0"]
[WhiteElo "2060"]
[BlackElo "2098"]
[Opening "Sicilian: Kan, Polugaievsky variation"]
[ECO "B42"]
[Time "10:46:34"]
[TimeControl "2700+45"]

1. e4 c5 2. Nf3 e6 3. d4 cxd4 4. Nxd4 a6 5. Bd3 Bc5 6. Nb3 Be7 7. Qg4 g6 8. O-O
d6 9. Qe2 Nd7 10. Na3 b6 11. Nc4 Bb7 12. Bf4 Qc7 13. Rfd1 Ngf6 14. e5 Nh5 15.
exd6 Qc6 16. Qf1 Nxf4 17. dxe7 Qxg2+ 18. Qxg2 Bxg2 19. Bf1 Bd5 20. Ne3 Bf3 21.
Rd4 g5 22. Nc4 Bd5 23. Ne3 Bc6 24. Re1 Ne5 25. Nd2 Kxe7 26. Nf5+ Kf6 27. Nd6
Nf3+ 28. Nxf3 Bxf3 29. Ne4+ Bxe4 30. Rexe4 b5 31. a4 Rhc8 32. c3 Rd8 33. axb5
Rxd4 34. Rxd4 axb5 35. Rb4 Ra1 36. f3 Nd5 37. Re4 Rb1 38. Re2 Kf5 39. Kf2 h5 40.
Rd2 Nf4 41. Bxb5 Rh1 42. Ke3 Nd5+ 43. Kd4 Kf4 44. c4 Ne3 45. c5 Rc1 46. c6 Nc2+
47. Kc5 Na3+ 48. Kb6 Nxb5 49. Kxb5 Kxf3 50. Rd3+ Ke4 51. Rc3 Rb1 52. c7 Rxb2+
53. Kc4 Rxh2 54. c8=Q Rh4 55. Qc5 e5 56. Kb3 f6 57. Qc6+ Kf5 58. Qf3+ Kg6 59.
Qd3+ e4 60. Qd5 Rf4 61. Qg8+ Kf5 62. Qd5+ Kg4 63. Re3 f5 64. Kc3 h4 65. Qd1+ Rf3
66. Kd2 Kf4 67. Rxf3+ exf3 68. Ke1 g4 69. Qd2+ Kg3 70. Kf1 f4 71. Kg1 h3 72.
Qf2# {Black checkmated} 1-0

[Event "Team 45 45 League T49"]
[Site "Internet Chess Club"]
[Date "2011.05.22"]
[Round "2"]
[White "ThuG"]
[Black "screamingeagle"]
[Result "1/2-1/2"]
[WhiteElo "2137"]
[BlackElo "1957"]
[Opening "French: Winawer, advance, poisoned pawn, Konstantinopolsky variation"]
[ECO "C18"]
[Time "09:37:14"]
[TimeControl "2700+45"]

1. e4 e6 2. d4 d5 3. Nc3 Bb4 4. e5 c5 5. a3 Bxc3+ 6. bxc3 Ne7 7. Qg4 Qc7 8. Qxg7
Rg8 9. Qxh7 cxd4 10. Ne2 Nbc6 11. f4 dxc3 12. Qd3 Bd7 13. Qxc3 Rc8 14. Bd2 Qb6
15. Be3 Qd8 16. Qd3 Nf5 17. Bf2 f6 18. g4 Rxg4 19. Bh3 Rg6 20. Bxf5 Qa5+ 21. Kf1
exf5 22. exf6 Rxf6 23. Re1 Ne7 24. Nd4 Rc3 25. Qe2 Qxa3 26. Bh4 Rf7 27. Rg1 Kf8
28. Qg2 Re3 29. Bxe7+ Kxe7 30. Qg5+ Ke8 31. Qg8+ Rf8 32. Qxd5 Rxe1+ 33. Kxe1
Qc1+ 34. Kf2 Qxf4+ 35. Nf3 Rh8 36. h4 Qc7 37. Rd1 Qxc2+ 38. Rd2 Qc7 39. Ne5 Qb6+
40. Kg3 Be6 41. Qd4 f4+ 42. Kf2 Qxd4+ 43. Rxd4 Rxh4 44. Ng6 Rh2+ 45. Kf3 b5 46.
Kxf4 a5 47. Re4 Kf7 48. Ne5+ Kf6 49. Nf3 Rf2 50. Rd4 b4 51. Ke3 Rg2 52. Rd6 Ke7
53. Ra6 Ra2 54. Nd4 Bd5 55. Nf5+ Kf7 56. Kd4 Be6 57. Nd6+ Ke7 58. Nb7 a4 59. Nc5
Bf7 60. Ra7+ Kf6 61. Rxa4 b3 62. Rb4 Rd2+ 63. Ke3 Rc2 64. Nxb3 {Game drawn by
mutual agreement} 1/2-1/2

[Event "Team 45 45 League T49"]
[Site "Internet Chess Club"]
[Date "2011.05.19"]
[Round "2"]
[White "DreadHead"]
[Black "larso"]
[Result "1-0"]
[WhiteElo "2244"]
[BlackElo "2093"]
[Opening "English: Sicilian reversed"]
[ECO "A25"]
[Time "09:00:27"]
[TimeControl "2700+45"]

1. c4 e5 2. Nc3 Nc6 3. g3 f5 4. Bg2 Nf6 5. e3 d5 6. Nxd5 Nxd5 7. cxd5 Nb4 8. d3
c6 9. Ne2 Be7 10. d4 e4 11. Nf4 g5 12. dxc6 bxc6 13. Qh5+ Kd7 14. O-O gxf4 15.
Qxf5+ Kc7 16. Qxf4+ Bd6 17. Qxe4 Ba6 18. Bd2 Bxf1 19. Rxf1 Qe8 20. Qb1 Rc8 21.
e4 h5 22. a3 Na6 23. e5 Be7 24. Qd3 Nb8 25. Qb3 Nd7 26. Rc1 Nb6 27. Rxc6+ Kd8
28. Rxb6 Qd7 29. Rb7 Qf5 30. Qb5 {Black resigns} 1-0

[Event "Team 45 45 League T49"]
[Site "Internet Chess Club"]
[Date "2011.05.23"]
[Round "2"]
[White "mers37"]
[Black "parmupill"]
[Result "1-0"]
[WhiteElo "1915"]
[BlackElo "2162"]
[Opening "English: Neo-Catalan declined"]
[ECO "A14"]
[Time "17:00:19"]
[TimeControl "2700+45"]

1. Nf3 d5 2. c4 e6 3. g3 Nf6 4. Bg2 Be7 5. O-O O-O 6. b3 c6 7. Bb2 b6 8. d3 Bb7
9. Nbd2 Nbd7 10. Qc2 c5 11. Rad1 Qc7 12. e3 Rad8 13. d4 dxc4 14. bxc4 Rc8 15.
Rc1 Rfd8 16. Ba3 Nf8 17. Rfd1 Ng6 18. Qb1 h5 19. dxc5 bxc5 20. Bb2 h4 21. gxh4
Rd7 22. Bxf6 Bxf6 23. Ne4 Bxh4 24. Nxh4 Nxh4 25. Rxd7 Qxd7 26. Nxc5 Rxc5 27.
Qxb7 Qd2 28. Qa8+ Kh7 29. Qe4+ Ng6 30. Qc2 Qd6 31. Qe2 Nh4 32. Be4+ g6 33. Qg4
Qe7 34. Qf4 f5 35. Bd3 g5 36. Qg3 Qb7 37. f4 Nf3+ 38. Kf2 g4 39. Qxg4 Qb2+ 40.
Rc2 {Black resigns} 1-0

[Event "Team 45 45 League T49"]
[Site "Internet Chess Club"]
[Date "2011.05.21"]
[Round "2"]
[White "SimplyClaudia"]
[Black "jefferyx"]
[Result "0-1"]
[WhiteElo "1764"]
[BlackElo "1995"]
[Opening "Nimzo-Indian: classical variation"]
[ECO "E32"]
[Time "20:00:05"]
[TimeControl "2700+45"]

1. d4 Nf6 2. c4 e6 3. Nc3 Bb4 4. Qc2 O-O 5. a3 Bxc3+ 6. Qxc3 b6 7. f3 Ba6 8. Bg5
d5 9. e3 Nbd7 10. b4 Ne4 11. Bxd8 Nxc3 12. Rc1 Na2 13. Rc2 Rfxd8 14. Rxa2 Bxc4
15. Bxc4 dxc4 16. Ne2 c5 17. dxc5 bxc5 18. b5 Nb6 19. Kf2 Rd3 20. Nc1 Rc3 21.
Rd1 Nd5 22. e4 Nf4 23. Rad2 g6 24. g3 Nh3+ 25. Kg2 Ng5 26. Ne2 Rxa3 27. Rc2 Nxf3
28. Rxc4 Rc8 29. Rdc1 Nd2 30. Rxc5 Rxc5 31. Rxc5 Nxe4 32. Rc4 Nd6 33. Rb4 Rd3
34. Nf4 Rc3 35. b6 axb6 36. Rxb6 Rc2+ 37. Kh3 Ne4 38. Rb3 h6 39. g4 Rc3+ 40.
Rxc3 Nxc3 41. Kg3 Kg7 42. Kf3 Kf6 43. Nd3 e5 44. Nf2 e4+ 45. Nxe4+ Nxe4 46. Kxe4
Kg5 47. Kf3 Kh4 48. Kf4 Kh3 {White resigns} 0-1

[Event "Team 45 45 League T49"]
[Site "Internet Chess Club"]
[Date "2011.05.21"]
[Round "2"]
[White "KingDestroyer"]
[Black "rdmuhcu"]
[Result "1-0"]
[WhiteElo "2328"]
[BlackElo "2201"]
[Opening "Réti: advance variation"]
[ECO "A09"]
[Time "12:00:54"]
[TimeControl "2700+45"]

1. Nf3 d5 2. c4 d4 3. b4 f6 4. d3 e5 5. a3 c5 6. g3 cxb4 7. Bg2 Nc6 8. O-O a5 9.
Nbd2 bxa3 10. Qa4 Bd7 11. Bxa3 Bxa3 12. Qxa3 Nb4 13. Qb3 Ne7 14. c5 Ra6 15. Nc4
Be6 16. Nfd2 O-O 17. Bxb7 Ra7 18. Bf3 Qc7 19. Rfc1 Qxc5 20. Qa4 Rb8 21. Nxa5 Qb6
22. Ndc4 Bxc4 23. Rxc4 Ned5 24. Rb1 Qd6 25. Bxd5+ Nxd5 26. Rxb8+ Qxb8 27. Rc5
Nc7 28. Qc4+ Kf8 29. Nb3 Ne8 30. Rc8 Qb7 31. f3 Ra8 32. Rxa8 Qxa8 33. Nc5 Qa5
34. Kf2 Nc7 35. Ne4 Qb6 36. g4 h6 37. h4 Ne6 38. Ng3 Qd6 39. Nf5 Qd7 40. Qb3 Kg8
41. h5 Kh7 42. Qb8 Nf4 43. Qf8 Qa7 44. Qe7 Qxe7 45. Nxe7 g6 46. hxg6+ Nxg6 47.
Nd5 Kg7 48. Kg3 Kf7 49. f4 Nxf4 50. Nxf4 exf4+ 51. Kf3 f5 52. gxf5 Kf6 53. Kxf4
h5 54. Ke4 h4 55. Kf4 h3 56. Kg3 Kxf5 57. Kxh3 Kf4 58. Kg2 Kg4 59. Kf2 Kf4 60.
Ke1 Ke5 61. Kd2 Kf4 62. Kc2 Ke3 63. Kd1 Kf4 64. Kd2 Ke5 65. Kc2 Kd5 66. Kb3 Kc5
67. Ka4 Kc6 68. Kb4 Kd5 69. Kb5 Kd6 70. Kc4 Ke5 71. Kc5 {Black resigns} 1-0

[Event "Team 45 45 League T49"]
[Site "Internet Chess Club"]
[Date "2011.05.22"]
[Round "2"]
[White "vnchess"]
[Black "TheChessKid"]
[Result "0-1"]
[WhiteElo "2138"]
[BlackElo "2171"]
[Opening "Réti: King's Indian attack"]
[ECO "A05"]
[Time "14:00:23"]
[TimeControl "2700+45"]

1. Nf3 Nf6 2. g3 g6 3. Bg2 Bg7 4. O-O O-O 5. d3 d5 6. Nc3 c5 7. e4 Nc6 8. e5 Ng4
9. Re1 d4 10. Ne4 Qb6 11. e6 Bxe6 12. Nfg5 Bd7 13. h3 Nf6 14. Kh2 h6 15. Nxf6+
Bxf6 16. Ne4 Bg7 17. Nd2 e5 18. Nc4 Qc7 19. f4 Rfe8 20. Bxc6 Bxc6 21. Nxe5 Bxe5
22. fxe5 Rxe5 23. Bf4 Rxe1 24. Qxe1 Qd7 25. Bxh6 Qd5 26. Qf2 Re8 27. Rf1 Re5 28.
Bf4 Rf5 29. Qe2 g5 30. Bd2 Re5 31. Qf2 Qe6 32. Re1 Rf5 33. Qe2 Qf6 34. Kg1 Rf3
35. Qg2 Rxd3 36. Qh2 Rf3 37. g4 Qh6 38. Qe5 Rxh3 39. Qxg5+ Qxg5 40. Bxg5 Rh1+
41. Kf2 Rh2+ 42. Kg3 Rxc2 43. Bf6 Kh7 44. Re5 Kg6 45. Be7 f6 46. Rf5 Rxb2 47.
Bxc5 d3 48. Be7 Rg2+ 49. Kh4 Rxg4+ 50. Kxg4 Bd7 51. Kf4 Bxf5 52. Bc5 a6 53. a4
d2 {White resigns} 0-1

[Event "Team 45 45 League T49"]
[Site "Internet Chess Club"]
[Date "2011.05.19"]
[Round "2"]
[White "brgdgaf"]
[Black "HomerSimpson"]
[Result "1-0"]
[WhiteElo "2195"]
[BlackElo "2170"]
[Opening "Queen's pawn game, Darooha variation "]
[ECO "D02"]
[Time "21:19:05"]
[TimeControl "2700+45"]

1. d4 d5 2. Nf3 Nf6 3. g3 c5 4. Bg2 Nc6 5. O-O e6 6. c4 dxc4 7. Qa4 Bd7 8. dxc5
Bxc5 9. Qxc4 Qb6 10. Nc3 Na5 11. Qh4 Bc6 12. Na4 Qb4 13. Nxc5 Qxc5 14. b4 Qc3
15. Bd2 Qb2 16. bxa5 Bxf3 17. Qa4+ Bc6 18. Bxc6+ bxc6 19. Qxc6+ Ke7 20. Qc5+ Kd8
21. Bb4 Re8 22. Rfd1+ Nd7 23. Rxd7+ {Black resigns} 1-0

[Event "Team 45 45 League T49"]
[Site "Internet Chess Club"]
[Date "2011.05.30"]
[Round "2"]
[White "eurander"]
[Black "bwang88"]
[Result "1/2-1/2"]
[WhiteElo "2114"]
[BlackElo "1977"]
[Opening "Sicilian: Alapin's variation (2.c3)"]
[ECO "B22"]
[Time "10:00:35"]
[TimeControl "2700+45"]

1. e4 c5 2. c3 Nf6 3. e5 Nd5 4. d4 cxd4 5. cxd4 d6 6. Nf3 Nc6 7. Bc4 Nb6 8. Bb5
dxe5 9. Nxe5 Bd7 10. Nxd7 Qxd7 11. Nc3 e6 12. Qg4 h5 13. Qe4 a6 14. Bxc6 Qxc6
15. Qxc6+ bxc6 16. Ne4 O-O-O 17. Be3 Nd5 18. Rc1 Kc7 19. Ke2 h4 20. h3 Rh5 21.
Rc4 e5 22. Rhc1 exd4 23. Rxd4 Re5 24. Nc5 Bxc5 25. Rxc5 Rde8 26. Rxh4 R5e6 27.
Kf1 Nxe3+ 28. fxe3 Rxe3 29. Rc2 R8e6 30. Rf4 f6 31. Ra4 Kb6 32. Rd4 Kc7 33. Rcd2
Kb6 34. Kf2 c5 35. Rd6+ Kb5 36. Rd7 g5 37. b3 Kb4 38. R7d6 Re2+ 39. Rxe2 Rxd6
40. Rc2 Rd4 41. Ke3 a5 42. g3 f5 43. a3+ Kb5 44. Rf2 Re4+ 45. Kd3 Re5 46. h4
gxh4 47. gxh4 a4 48. bxa4+ Kxa4 49. h5 Kb3 50. Rf3 Re8 51. h6 Rd8+ 52. Ke2+ Kb2
53. Rf4 Rh8 54. Rxf5 c4 55. a4 Rxh6 56. a5 Kc2 57. Rb5 Re6+ 58. Kf3 Ra6 59. Ke3
c3 60. Kd4 Kd2 61. Rh5 c2 62. Rh2+ Kc1 63. Kc3 Rc6+ 64. Kb4 Kb1 65. Rh1+ c1=Q
66. Rxc1+ Rxc1 67. a6 Rh1 68. a7 {Game drawn by mutual agreement} 1/2-1/2

[Event "Team 45 45 League T49"]
[Site "Internet Chess Club"]
[Date "2011.05.21"]
[Round "2"]
[White "AugustoCaruso"]
[Black "chiiwen"]
[Result "0-1"]
[WhiteElo "2192"]
[BlackElo "2161"]
[Opening "Sicilian: Kan variation"]
[ECO "B41"]
[Time "12:12:00"]
[TimeControl "2700+45"]

1. e4 c5 2. Nf3 e6 3. d4 cxd4 4. Nxd4 a6 5. f4 Qc7 6. Qf3 Nc6 7. Nb3 Nb4 8. Bd3
d5 9. Nc3 dxe4 10. Bxe4 Nf6 11. a3 Nxe4 12. axb4 Nf6 13. b5 Bb4 14. Bd2 O-O 15.
O-O Bd7 16. bxa6 bxa6 17. Rac1 Bc6 18. Qg3 a5 19. Kh1 Rfd8 20. Be1 a4 21. Nd2 a3
22. Nf3 axb2 23. Rb1 Be8 24. Ne2 Ne4 25. Qh4 Be7 26. Qh5 f5 27. Qh3 Qxc2 28. Nc3
Nxc3 29. Ng5 Bxg5 30. Bxc3 Rd3 {White resigns} 0-1

[Event "Team 45 45 League T49"]
[Site "Internet Chess Club"]
[Date "2011.05.21"]
[Round "2"]
[White "HiddenDeath"]
[Black "cacheboy"]
[Result "0-1"]
[WhiteElo "2047"]
[BlackElo "2432"]
[Opening "Sicilian: Alapin's variation (2.c3)"]
[ECO "B22"]
[Time "08:00:40"]
[TimeControl "2700+45"]

1. e4 c5 2. c3 g6 3. d4 cxd4 4. cxd4 d5 5. exd5 Bg7 6. Nc3 Nf6 7. Qb3 O-O 8. g3
Nbd7 9. Bg2 Nb6 10. Nge2 Bf5 11. O-O Qd7 12. a4 Rad8 13. a5 Nbxd5 14. Nxd5 Nxd5
15. Nc3 Be6 16. Qd1 Nb4 17. Be3 Bf5 18. Qb3 Nc6 19. d5 Nd4 20. Bxd4 Bxd4 21.
Rad1 Bc5 22. Ne4 Bxe4 23. Bxe4 b6 24. axb6 axb6 25. d6 Bxd6 26. Qxb6 Rb8 27. Qc6
Qxc6 28. Bxc6 Rfc8 29. Rc1 Rxb2 30. Rfd1 Kg7 31. Rd3 Rb6 32. Rdc3 Be5 33. Rc4
Rc7 34. R1c2 e6 35. Kg2 h5 36. Be4 Rxc4 37. Rxc4 Rb2 38. Rc2 Rb3 39. f4 Bd4 40.
Bc6 Kf6 41. Be8 Ke7 42. Bc6 Kd6 43. Be8 Ke7 44. Bc6 Kf6 45. Be8 Ra3 46. Rc7 Ra2+
47. Kh3 Ra7 48. Rxa7 Bxa7 49. Kg2 Ke7 50. Ba4 Bc5 51. h4 Bd4 52. Kf3 Bc3 53. g4
hxg4+ 54. Kxg4 Be1 55. h5 f5+ 56. Kg5 gxh5 57. Kxh5 Kf6 58. Bc2 Bg3 59. Bb1 Bxf4
60. Kh4 e5 61. Kh3 e4 62. Kg2 Bg5 63. Kf2 Bh4+ 64. Ke2 Ke5 65. Ba2 f4 66. Bf7
f3+ 67. Ke3 Bg5+ 68. Kf2 Kf4 69. Bc4 e3+ 70. Kf1 Bh4 71. Ba6 Ke5 {White resigns}
0-1

[Event "Team 45 45 League T49"]
[Site "Internet Chess Club"]
[Date "2011.05.21"]
[Round "2"]
[White "QueensCounselor"]
[Black "DreamCatcher13"]
[Result "1-0"]
[WhiteElo "2156"]
[BlackElo "1843"]
[Opening "QGD: Charousek (Petrosian) variation"]
[ECO "D31"]
[Time "15:07:42"]
[TimeControl "2700+45"]

1. d4 d5 2. c4 e6 3. Nc3 Be7 4. Nf3 Nf6 5. Bg5 O-O 6. Rc1 h6 7. Bh4 Nbd7 8. e3
c6 9. Bd3 dxc4 10. Bxc4 Nd5 11. Bg3 Qb6 12. Qc2 Qb4 13. Bd3 Qa5 14. a3 N7b6 15.
O-O Bd7 16. Ne4 Rac8 17. Nc5 Bxc5 18. Qxc5 Qxc5 19. dxc5 Na8 20. Ne5 Rfd8 21.
Nc4 Nac7 22. Nd6 Ra8 23. e4 Nf6 24. Nxf7 Kxf7 25. Bxc7 Re8 26. f4 Rac8 27. Bd6
Red8 28. Rf3 Be8 29. e5 Nd5 30. f5 Ne7 31. fxe6+ Kxe6 32. Rcf1 Bg6 33. Bxg6 Nxg6
34. Rg3 Nh4 35. Rxg7 Rg8 36. Rxg8 Rxg8 37. Rf6+ Kd5 38. g3 Ng6 39. e6 Ne5 40.
Rf5 Rg5 41. Rxg5 hxg5 42. Bxe5 {Black resigns} 1-0

[Event "Team 45 45 League T49"]
[Site "Internet Chess Club"]
[Date "2011.05.20"]
[Round "2"]
[White "Atlantis"]
[Black "Deckfuel"]
[Result "1/2-1/2"]
[WhiteElo "1869"]
[BlackElo "1966"]
[Opening "Kevitz-Trajkovich defense"]
[ECO "A50"]
[Time "14:00:17"]
[TimeControl "2700+45"]

1. d4 Nf6 2. c4 Nc6 3. Nc3 e5 4. e3 Bb4 5. d5 Bxc3+ 6. bxc3 Ne7 7. Nf3 d6 8. Be2
O-O 9. O-O b6 10. a4 a5 11. Nd2 Bf5 12. f3 Ng6 13. g4 Bd7 14. Bd3 Qe7 15. Qc2
Rae8 16. Ne4 Nxe4 17. Bxe4 f5 18. gxf5 Qg5+ 19. Qg2 Qxg2+ 20. Kxg2 Bxf5 21. Bb1
Bxb1 22. Rxb1 e4 23. f4 Nh4+ 24. Kg3 Nf3 25. Rb2 Rf6 26. Rg2 Rg6+ 27. Kf2 Rh6
28. Rh1 Rh3 29. Ke2 Rf8 30. Bd2 Rf6 31. Be1 Rfh6 32. Bg3 Rg6 33. Kf2 Nd2 34. Rd1
Nb3 35. Ke2 h5 36. Kf1 h4 37. Bf2 Kf7 38. Rxg6 Kxg6 39. Kg2 Rf3 40. Bxh4 Rxe3
41. Bd8 Rxc3 42. Bxc7 Rxc4 43. Bxd6 Kf7 44. Be5 Rxa4 45. d6 Ra2+ 46. Kg3 Rd2 47.
Rb1 a4 48. Re1 Nc5 49. Rb1 Rd3+ 50. Kg4 Nd7 51. Rb4 Nxe5+ 52. fxe5 Ke6 53. Kf4
Rh3 54. Rxb6 Rxh2 55. Rb7 Rf2+ 56. Ke3 Rf7 57. Rb5 Ra7 58. Kxe4 a3 59. Rb1 Ra4+
60. Ke3 g5 61. Ra1 a2 62. Kf3 Rf4+ 63. Kg3 Ra4 64. Kf3 Ra5 65. Kg4 Rxe5 66. Rxa2
Kxd6 67. Ra6+ Ke7 68. Rg6 Kf7 69. Rxg5 Rxg5+ 70. Kxg5 {Game drawn because
neither player has mating material} 1/2-1/2

[Event "Team 45 45 League T49"]
[Site "Internet Chess Club"]
[Date "2011.05.22"]
[Round "2"]
[White "rayngrant"]
[Black "LazyPeon"]
[Result "0-1"]
[WhiteElo "1613"]
[BlackElo "1675"]
[Opening "Giuoco Piano"]
[ECO "C54"]
[Time "05:01:38"]
[TimeControl "2700+45"]

1. e4 e5 2. Nf3 Nc6 3. Bc4 Bc5 4. c3 Nf6 5. d4 exd4 6. cxd4 Bb4+ 7. Nc3 Nxe4 8.
O-O Bxc3 9. Bxf7+ Kxf7 10. Qb3+ d5 11. bxc3 Re8 12. Ba3 Na5 13. Qc2 Bf5 14. Ne5+
Kg8 15. Qc1 Qg5 16. Qxg5 Nxg5 17. f3 Nf7 18. f4 Nxe5 19. fxe5 Be6 20. Rf2 Nc4
21. Bc1 Rf8 22. Bf4 Rf7 23. Raf1 Raf8 24. Bg5 Rxf2 25. Rxf2 Rxf2 26. Kxf2 Kf7
{White resigns} 0-1

[Event "Team 45 45 League T49"]
[Site "Internet Chess Club"]
[Date "2011.05.22"]
[Round "2"]
[White "ticopatzer"]
[Black "Constrictor"]
[Result "1-0"]
[WhiteElo "1639"]
[BlackElo "1597"]
[Opening "Caro-Kann: advance variation"]
[ECO "B12"]
[Time "17:00:42"]
[TimeControl "2700+45"]

1. e4 c6 2. d4 d5 3. e5 Bf5 4. Nf3 e6 5. Be2 Ne7 6. O-O Nd7 7. c3 Bg6 8. Nbd2
Nf5 9. Nb3 Be7 10. Bd2 O-O 11. g4 Nh4 12. Nxh4 Bxh4 13. c4 f5 14. cxd5 cxd5 15.
Bd3 Qe8 16. Bb4 Be7 17. Bxe7 Qxe7 18. Rc1 Rac8 19. Qe2 Qg5 20. Bb5 Nb6 21. Nc5
Bf7 22. f4 Qxg4+ 23. Qxg4 fxg4 24. Nxb7 Be8 25. Bxe8 Rxc1 26. Rxc1 Rxe8 27. Nd6
Re7 28. b3 h5 29. Kg2 Kh7 30. Kg3 Kh6 31. f5 Kg5 32. fxe6 h4+ 33. Kg2 g6 34. a4
Rxe6 35. Rc7 Kf4 36. Rxa7 Ke3 37. Ra6 Kxd4 38. Rxb6 Kxe5 39. Nf7+ Kf6 40. Rxe6+
Kxe6 41. a5 d4 42. Ng5+ Kf5 43. a6 d3 44. a7 d2 45. a8=Q d1=Q 46. Qa5+ Kf6 47.
Ne4+ Kg7 48. Qe5+ Kh7 49. Qe7+ Kh6 50. Qf8+ {Black resigns} 1-0

[Event "Team 45 45 League T49"]
[Site "Internet Chess Club"]
[Date "2011.05.21"]
[Round "2"]
[White "Egmont"]
[Black "beitmery"]
[Result "1-0"]
[WhiteElo "1657"]
[BlackElo "1616"]
[Opening "Queen's pawn: London system"]
[ECO "A45"]
[Time "13:34:35"]
[TimeControl "2700+45"]

1. d4 Nf6 2. Bf4 e6 3. e3 d5 4. Nd2 Bd6 5. Bxd6 Qxd6 6. Ngf3 Nbd7 7. Bd3 e5 8.
dxe5 Nxe5 9. Nxe5 Qxe5 10. c3 O-O 11. Nf3 Qd6 12. h3 c5 13. O-O Qb6 14. b3 Be6
15. Rc1 c4 16. Bb1 cxb3 17. axb3 Rac8 18. Nd4 Rc7 19. f4 Rfc8 20. Qd3 Ne4 21. c4
Bxh3 22. f5 Qh6 23. Rf4 Qg5 24. Qe2 Nf6 25. Nf3 Bg4 26. Qf1 dxc4 27. Nxg5 {Black
resigns} 1-0

[Event "Team 45 45 League T49"]
[Site "Internet Chess Club"]
[Date "2011.05.23"]
[Round "2"]
[White "rookmaster23"]
[Black "FractalDante"]
[Result "0-1"]
[WhiteElo "1482"]
[BlackElo "1518"]
[Opening "King's Indian: orthodox variation"]
[ECO "E94"]
[Time "20:00:10"]
[TimeControl "2700+45"]

1. d4 Nf6 2. c4 g6 3. Nc3 Bg7 4. e4 d6 5. Nf3 O-O 6. Be2 e5 7. O-O Nfd7 8. Be3
Nc6 9. d5 Ne7 10. Ne1 f5 11. f3 f4 12. Bf2 Nf6 13. Nd3 Nh5 14. Re1 Bd7 15. Rc1
Rf7 16. c5 a6 17. Na4 Nc8 18. Qb3 Qg5 19. Bf1 Bb5 20. Nb4 Bxf1 21. Rxf1 Qd8 22.
Nd3 Rb8 23. Rc2 Bf6 24. Rfc1 b5 25. cxb6 cxb6 26. Rc6 b5 27. Rxa6 Rfb7 28. Nc3
Qd7 29. Ne2 Nb6 30. Bxb6 Rxb6 31. Rxb6 Rxb6 32. Nc3 Qb7 33. Qb4 Ng7 34. Ne1 Ne8
35. Nc2 Nc7 36. Na3 Na6 37. Qb3 Nc5 38. Qc2 b4 39. Na4 Nxa4 40. Qxa4 bxa3 41.
Qe8+ Kg7 42. Rc8 Qf7 43. Qxf7+ Kxf7 44. Rc7+ Be7 45. b3 Ra6 46. Rb7 Ra8 47. b4
h5 48. b5 Ke8 49. b6 Bd8 50. Ra7 Bxb6+ {White resigns} 0-1

[Event "Team 45 45 League T49"]
[Site "Internet Chess Club"]
[Date "2011.05.22"]
[Round "2"]
[White "Packerfan"]
[Black "Portola"]
[Result "1-0"]
[WhiteElo "1817"]
[BlackElo "1820"]
[Opening "French: Rubinstein variation"]
[ECO "C10"]
[Time "17:00:33"]
[TimeControl "2700+45"]

1. e4 e6 2. d4 d5 3. Nc3 dxe4 4. Nxe4 Be7 5. Nf3 Nd7 6. Bb5 Nf6 7. Nxf6+ Bxf6 8.
c3 O-O 9. O-O c5 10. dxc5 Nxc5 11. Be3 Qc7 12. Qc2 b6 13. Rfd1 a6 14. Be2 Bb7
15. Nd4 Be5 16. h3 Bh2+ 17. Kh1 Be5 18. Bf3 Rfd8 19. Bxb7 Qxb7 20. Nf3 Bf6 21.
Bxc5 bxc5 22. Rd2 Rxd2 23. Qxd2 Rd8 24. Qe2 Qb5 25. Re1 Qxe2 26. Rxe2 Rd1+ 27.
Re1 Rxe1+ 28. Nxe1 Be7 29. c4 e5 30. Kg1 f5 31. f3 f4 32. Nd3 Bd6 33. Kf2 g5 34.
Ke2 h6 35. Nf2 Kf7 36. Kd3 Ke6 37. Ng4 h5 38. Nf2 h4 39. Ne4 Be7 40. Nc3 a5 41.
Ke4 Bd6 42. Ne2 Be7 43. Nc1 Bd8 44. Nb3 Bb6 45. a4 Kd6 46. Kf5 Bd8 47. Nd2 Be7
48. Ne4+ Kc6 49. Nxg5 Bd6 50. Nf7 Bc7 51. Nxe5+ Kd6 52. Ng6 Kd7 53. Nxh4 Bb8 54.
Ng6 {Black resigns} 1-0

[Event "Team 45 45 League T49"]
[Site "Internet Chess Club"]
[Date "2011.05.20"]
[Round "2"]
[White "rubo"]
[Black "otherook"]
[Result "0-1"]
[WhiteElo "1716"]
[BlackElo "1778"]
[Opening "Bird's opening"]
[ECO "A02"]
[Time "17:15:45"]
[TimeControl "2700+45"]

1. f4 g6 2. Nf3 Bg7 3. e3 d6 4. d4 c5 5. Bb5+ Bd7 6. Qe2 Bxb5 7. Qxb5+ Qd7 8.
Nc3 a6 9. Qxd7+ Nxd7 10. Bd2 Ngf6 11. O-O O-O 12. h3 b5 13. a3 Nb6 14. b3 cxd4
15. exd4 Rac8 16. Rac1 Rc7 17. g4 Rfc8 18. g5 Nfd7 19. Rfe1 Rxc3 20. Bxc3 Rxc3
21. Kg2 e6 22. Red1 Nd5 23. Kg3 N7b6 24. Rd3 h5 25. h4 Kf8 26. Kf2 Ke7 27. Rxc3
Nxc3 28. Re1 Nbd5 29. Kg3 Kd7 30. a4 b4 31. Ng1 Bxd4 32. Ne2 Nxe2+ 33. Rxe2 Ne3
34. Kh3 Kc6 35. Rd2 Kd5 36. Rh2 Ke4 37. Rf2 d5 38. Rd2 Ng4 39. Kg3 Bf2+ 40. Kg2
Be3 41. Rd1 d4 42. Rf1 Bxf4 43. Re1+ Ne3+ 44. Kf2 e5 45. Re2 Kf5 46. Kf3 e4+ 47.
Kf2 Ng4+ 48. Kg2 e3 49. Re1 Ke4 50. Re2 Ne5 51. Re1 Nf3 52. Rf1 Nxh4+ 53. Kh3
Nf3 54. Kg2 Nxg5 55. Re1 Nf3 56. Re2 g5 57. Kf1 g4 58. Kg2 h4 59. Kh1 Nd2 60.
Kg2 h3+ 61. Kg1 Kf3 62. Re1 e2 63. a5 Bg3 64. Ra1 e1=Q+ 65. Rxe1 Bxe1 66. c4
dxc3 67. Kh2 c2 68. Kh1 c1=Q 69. Kh2 Bg3# {White checkmated} 0-1

[Event "Team 45 45 League T49"]
[Site "Internet Chess Club"]
[Date "2011.05.21"]
[Round "2"]
[White "mongmong"]
[Black "g8wrb"]
[Result "1-0"]
[WhiteElo "1626"]
[BlackElo "1361"]
[Opening "Queen's Indian defense"]
[ECO "A47"]
[Time "11:34:21"]
[TimeControl "2700+45"]

1. d4 Nf6 2. Nf3 b6 3. e3 Bb7 4. Bd3 e6 5. Nbd2 Bd6 6. O-O O-O 7. e4 Bf4 8. e5
Nd5 9. c3 c5 10. Ne4 Ba6 11. Bxa6 Nxa6 12. Bxf4 Nxf4 13. Qd2 Ng6 14. Qd3 Nc7 15.
dxc5 Nd5 16. cxb6 axb6 17. Rfd1 Ra7 18. c4 Ndf4 19. Qf1 d5 20. cxd5 Nxd5 21. Nc3
Qa8 22. Nxd5 exd5 23. a3 Re8 24. Qd3 Nxe5 25. Nxe5 Rxe5 26. h3 h6 27. Re1 Rae7
28. Rxe5 Rxe5 29. Rd1 Qa5 30. Qd4 Re1+ 31. Rxe1 Qxe1+ 32. Kh2 Qe6 33. b3 Kf8 34.
a4 Qd6+ 35. g3 Qe6 36. Kg2 f6 37. Qe3 Ke7 38. Qxe6+ Kxe6 39. Kf3 Ke5 40. Ke3 g6
41. f4+ Kd6 42. Kd4 h5 43. b4 Kc6 44. a5 bxa5 45. bxa5 Kb5 46. Kxd5 g5 47. Ke6
gxf4 48. gxf4 Kxa5 49. Kxf6 Kb6 50. Kg7 {Black resigns} 1-0

[Event "Team 45 45 League T49"]
[Site "Internet Chess Club"]
[Date "2011.05.21"]
[Round "2"]
[White "AtomicDog"]
[Black "seattleblues"]
[Result "0-1"]
[WhiteElo "1431"]
[BlackElo "1462"]
[Opening "French: Fort Knox variation"]
[ECO "C10"]
[Time "07:00:25"]
[TimeControl "2700+45"]

1. e4 e6 2. d4 d5 3. Nc3 dxe4 4. Nxe4 Bd7 5. Nf3 Bc6 6. Bd3 Nd7 7. Qe2 Ngf6 8.
Nxf6+ Nxf6 9. Bb5 Qd5 10. Bxc6+ Qxc6 11. O-O Nd7 12. Bf4 Bd6 13. Bxd6 cxd6 14.
Rfe1 O-O 15. Rad1 Nf6 16. c3 Rac8 17. Qc2 Rfe8 18. Ng5 h6 19. Ne4 Nxe4 20. Rxe4
d5 21. Rg4 Qd7 22. Qd2 e5 23. Rg3 Rc6 24. dxe5 Rxe5 25. Qd4 Rce6 26. Kf1 Qb5+
27. Rgd3 Qxb2 28. Qxa7 Qe2+ {White resigns} 0-1

[Event "Team 45 45 League T49"]
[Site "Internet Chess Club"]
[Date "2011.05.23"]
[Round "2"]
[White "kidviper"]
[Black "imawesome"]
[Result "0-1"]
[WhiteElo "1915"]
[BlackElo "1719"]
[Opening "Queen's Indian defense"]
[ECO "E12"]
[Time "17:00:54"]
[TimeControl "2700+45"]

1. d4 Nf6 2. Nf3 e6 3. c4 b6 4. Bg5 Be7 5. Nc3 Bb7 6. Bxf6 Bxf6 7. e4 O-O 8. e5
Be7 9. Bd3 d6 10. h4 dxe5 11. Bxh7+ Kxh7 12. Ng5+ Kh6 13. Qd3 g6 14. Nxe6 fxe6
15. h5 gxh5 16. Rxh5+ Kxh5 17. Qh7+ Kg5 18. Qg7+ Kf5 19. g4+ Kf4 20. Ne2+ Kf3
21. Rd1 e4 22. Ng1+ Kf4 23. Ne2+ Kf3 24. Qg6 Rf6 25. Qh5 Kg2 26. Qh4 Bb4+ 27.
Nc3 Bd6 28. Ke2 Bh2 29. g5 Rf4 30. Qh5 Qf8 31. Kd2 Rxf2+ 32. Kc1 Qf3 33. Qh7 Rf1
34. g6 Bf4+ 35. Kc2 Rxd1 36. g7 Rd2+ 37. Kb3 Nc6 38. g8=Q+ Rxg8 39. Qxg8+ Qg3
40. Qxe6 Nxd4+ 41. Ka3 Bd6+ 42. c5 Bxc5+ 43. Ka4 Nxe6 44. a3 Bc6+ 45. Kb3 Nd4+
46. Kc4 b5+ 47. Kxc5 Qd6# {White checkmated} 0-1